Map: Ulrena

Players

LilDicky

  • Race: Terran Terran
  • League: Diamond

Marineking - Winner!

  • Race: Terran Terran
  • League: Diamond

VOD

http://www.twitch.tv/tumescentpie

Description

Time

  • Played on: Nov. 24, 2015, 6:20 p.m.
  • Length: 4:13
Show
View Real Time Build Order
Export as new Build Order

LilDicky Terran 

Build Orders:  

Get SALT Encoding   

  12  0:01  SCV  
  13  0:13  SCV  
  14  0:17  Supply Depot  
  14  0:25  SCV  
  15  0:30  Refinery  
  15  0:39  SCV  
  16  0:46  Barracks  
  16  0:51  SCV  
  17  1:03  SCV  
  18  1:16  SCV  
  18  1:17  Barracks  
  19  1:23  Refinery  
  19  1:28  SCV  
  20  1:34  Supply Depot, Reaper  
  21  1:40  SCV  
  22  1:53  Orbital Command  
  22  2:06  Reaper  
  22  2:08  Reaper  
  24  2:14  Barracks  
  24  2:19  SCV  
  25  2:23  Supply Depot  
  25  2:34  SCV  
  26  2:45  Reaper x2  
  26  2:50  SCV  
  28  2:56  Barracks  
  28  3:17  SCV, Reaper  
  30  3:20  Command Center  
  30  3:23  Supply Depot  
  30  3:24  Reaper  
  31  3:29  SCV  
  29  3:41  SCV, Factory  
  29  3:42  Marine  
  31  3:49  Marine  
Show
View Real Time Build Order
Export as new Build Order

Marineking Terran - Winner!

Build Orders:  

Get SALT Encoding   

  12  0:02  SCV  
  14  0:14  SCV  
  14  0:19  Supply Depot  
  14  0:26  SCV  
  15  0:29  Refinery  
  15  0:40  SCV  
  16  0:49  Barracks  
  16  0:53  SCV  
  17  1:06  SCV  
  18  1:18  SCV  
  19  1:30  SCV  
  20  1:37  Reaper  
  21  1:41  Barracks  
  21  1:44  Orbital Command  
  21  1:46  Barracks  
  21  1:53  Refinery  
  21  1:57  Supply Depot  
  21  2:09  Reaper  
  21  2:14  SCV  
  23  2:26  SCV  
  24  2:32  Reaper  
  24  2:33  Reaper  
  26  2:37  Supply Depot  
  26  2:38  SCV  
  26  2:48  Reaper  
  26  2:50  SCV  
  28  3:11  SCV  
  28  3:12  Reaper  
  30  3:13  Reaper  
  31  3:22  Supply Depot  
  31  3:23  SCV, Reaper  
  33  3:28  Command Center  
  33  3:35  SCV  
  34  3:48  SCV, Factory  
  37  4:00  SCV  
Tags
 
Add a new tag
Caveats
  • Supply blocks, unpowered buildings, or Contaminate may cause inaccurate times.
  • Supply counts are checked every 10 seconds.